 Dungeon Crawl Stone Soup version 0.21-a0-274-gc1afaeb (webtiles) character file.

1557 nikopol the Thaumaturge (level 8, 0/43 HPs)
             Began as a Deep Elf Fire Elementalist on Sept 18, 2017.
             Was a Believer of Vehumet.
             Succumbed to a killer bee's poison
             ... on level 6 of the Dungeon.
             The game lasted 00:20:09 (5354 turns).

nikopol the Thaumaturge (DEFE)                      Turns: 5354, Time: 00:20:10

Health: 0/43       AC:  2    Str:  5    XL:     8   Next: 58%
Magic:  19/22      EV: 14    Int: 23    God:    Vehumet [**....]
Gold:   382        SH:  0    Dex: 15    Spells: 12/23 levels left

rFire    . . .     SeeInvis .   x - +2 whip (flame)
rCold    . . .     Gourm    .   (no shield)
rNeg     . . .     Faith    .   l - +0 robe (curse)
rPois    .         Spirit   .   (no helmet)
rElec    .         Reflect  .   (no cloak)
rCorr    .         Harm     .   (no gloves)
MR       .....                  (no boots)
Stlth    +++.......             (no amulet)
HPRegen  0.14/turn              q - ring of flight
MPRegen  0.18/turn              (no ring)

@: lethally poisoned (0 -> -14)
A: no striking features
a: Renounce Religion, Evoke Flight


You were on level 6 of the Dungeon.
You worshipped Vehumet.
Vehumet was pleased with you.
You were hungry.

You visited 1 branch of the dungeon, and saw 7 of its levels.

You collected 382 gold pieces.

Inventory:

Hand Weapons
 e - a +0 dagger
 x - a +2 whip of flaming (weapon)
Armour
 a - a +0 robe
 l - a cursed +0 robe (worn)
Magical Staves
 D - an uncursed staff of air
Jewellery
 f - an uncursed ring of stealth {unknown}
 q - a ring of flight (left hand)
 t - a cursed ring of loudness {unknown}
 H - a cursed ring of teleportation {unknown}
Wands
 z - a wand of lightning (3/15)
 A - a wand of digging (4/24)
 I - a wand of random effects (35/48)
 J - a wand of flame (16/48)
Scrolls
 d - 2 scrolls of immolation {unknown}
 h - 5 scrolls of identify {unknown}
 k - 3 scrolls of teleportation {unknown}
 m - 2 scrolls of amnesia {unknown}
 p - 2 scrolls of magic mapping {unknown}
 r - a scroll of blinking {unknown}
 s - a scroll of fear {unknown}
 v - a scroll of recharging {unknown}
 y - a scroll of random uselessness {unknown}
 F - a scroll of noise {unknown}
 G - 2 scrolls of remove curse {unknown}
 K - a scroll of enchant weapon {unknown}
Potions
 g - 2 potions of degeneration {unknown}
 j - a potion of heal wounds {unknown}
 o - 3 potions of might {unknown}
 w - 3 potions of flight {unknown}
 B - a potion of brilliance {unknown}
 C - 2 potions of haste {unknown}
 E - a potion of lignification {unknown}
Books
 b - a book of Flames

   Spells                             Type                      Level
   a - Flame Tongue                   Conjuration/Fire             1
   b - Throw Flame                    Conjuration/Fire             2
   c - Conjure Flame                  Conjuration/Fire             3
   d - Inner Flame                    Hexes/Fire                   3
   e - Sticky Flame                   Conjuration/Fire             4
   f - Fireball                       Conjuration/Fire             5
Comestibles
 c - 4 bread rations
 i - 2 fruits
 n - 2 royal jellies
 u - a meat ration


   Skills:
 + Level 1.1 Fighting
 + Level 0.2 Maces & Flails
 + Level 3.4 Dodging
 + Level 4.4 Stealth
 + Level 8.4 Spellcasting
 + Level 5.8 Conjurations
 + Level 7.3 Fire Magic


You had 12 spell levels left.
You knew the following spells:

 Your Spells              Type           Power        Failure   Level  Hunger
a - Flame Tongue          Conj/Fire      #####        1%          1    None
b - Throw Flame           Conj/Fire      #####.       1%          2    None
c - Conjure Flame         Conj/Fire      #####...     1%          3    None
d - Fireball              Conj/Fire      #####.....   12%         5    #####..


Dungeon Overview and Level Annotations

Branches:
Dungeon (7/15)
 Temple: D:4-7

Altars:
Ashenzari
Kikubaaqudgha
Uskayaw
Vehumet
Yredelemnul


Message History

Casting: Flame Tongue
Confirm with . or Enter, or press ? or * to list all spells.
Aiming: Flame Tongue
Press: ? - help, Shift-Dir - straight line, f/p - killer bee
Aim: a killer bee The flame tongue hits the killer bee.
The killer bee is almost dead.
You feel sick. The killer bee stings you! The killer bee barely misses you.
The killer bee stings you.
* * * LOW HITPOINT WARNING * * *
You are lethally poisoned!
The killer bee poisons you! The killer bee stings you!
* * * LOW HITPOINT WARNING * * *
Casting: Flame Tongue
Confirm with . or Enter, or press ? or * to list all spells.
Aiming: Flame Tongue
Press: ? - help, Shift-Dir - straight line, f/p - killer bee
Aim: a killer bee (almost dead)
The flame tongue misses the killer bee.
You die...

p....#......#.....#
............#.....#
.....#......#.....#
.....#......#.....#
######............#
#########.##......#
................>##
###.#.####.#...#y########
#...#.#
#..####@y......######
#.###.# ###.##
#.........)...# #.[...#
#....# #.........###.#
####..# #....#
#.........#.#.# ......#
#....# #.........#...#
...#.## #....#
#.........#.### ####.#
####.# #........##.#####
.....#
#.###........##.....#
.#####
#..##.#############.#


You could see 2 killer bees.

Vanquished Creatures
  Pikel (D:5)
  Grinder (D:4)
  A water moccasin (D:5)
  A sky beast (D:5)
  An ice beast (D:5)
  An ogre (D:4)
  3 hounds
  4 orc priests
  A worker ant (D:6)
  3 orc wizards
  A hound skeleton (D:4)
  6 adders
  An adder zombie (D:5)
  A worm (D:2)
  4 leopard geckos
  30 orcs
  10 bats
  3 giant cockroaches
  10 hobgoblins
  9 jackals
  11 kobolds
  4 quokkas
  A ball python (D:1)
  8 frilled lizards
  A giant cockroach zombie (D:5)
  9 goblins
  A jackal skeleton (D:4)
  2 leopard gecko skeletons
  8 rats
137 creatures vanquished.

Vanquished Creatures (others)
  An orc wizard (D:5)
  3 orcs (D:5)
4 creatures vanquished.

Grand Total: 141 creatures vanquished

Notes
Turn   | Place    | Note
-------+----------+-------------------------------------------
     0 | D:1      | nikopol the Deep Elf Fire Elementalist began the quest for the Orb.
     0 | D:1      | Reached XP level 1. HP: 10/10 MP: 6/6
   118 | D:1      | Reached XP level 2. HP: 15/15 MP: 6/8
   693 | D:1      | Reached XP level 3. HP: 19/19 MP: 3/9
  1124 | D:2      | Reached XP level 4. HP: 22/24 MP: 2/11
  1462 | D:2      | Learned a level 2 spell: Throw Flame
  1466 | D:2      | Learned a level 3 spell: Conjure Flame
  1494 | D:2      | Found an ancient bone altar of Kikubaaqudgha.
  1494 | D:2      | Found a radiant altar of Vehumet.
  1495 | D:2      | Found a hide-covered altar of Uskayaw.
  1502 | D:2      | Became a worshipper of Vehumet
  1725 | D:2      | Reached skill level 4 in Spellcasting
  2103 | D:3      | Reached * piety under Vehumet
  2103 | D:3      | Offered knowledge of Freeze by Vehumet.
  2153 | D:3      | Reached XP level 5. HP: 9/28 MP: 1/13
  2761 | D:3      | Reached skill level 5 in Fire Magic
  2797 | D:3      | Learned a level 5 spell: Fireball
  2898 | D:3      | Found a faded altar of an unknown god.
  3048 | D:4      | Reached skill level 5 in Spellcasting
  3149 | D:4      | Reached XP level 6. HP: 32/32 MP: 13/15
  3163 | D:4      | Reached ** piety under Vehumet
  3175 | D:4      | Offered knowledge of Searing Ray by Vehumet.
  3472 | D:4      | Noticed Grinder
  3483 | D:4      | Killed Grinder
  3483 | D:4      | Reached skill level 6 in Spellcasting
  3483 | D:4      | Reached XP level 7. HP: 28/37 MP: 5/18
  3721 | D:5      | Entered Level 5 of the Dungeon
  4067 | D:5      | Noticed Pikel
  4077 | D:5      | Killed Pikel
  4077 | D:5      | Reached skill level 1 in Fighting
  4077 | D:5      | Reached skill level 7 in Spellcasting
  4077 | D:5      | Reached skill level 5 in Conjurations
  4077 | D:5      | Reached XP level 8. HP: 43/43 MP: 5/21
  4196 | D:5      | Reached skill level 8 in Spellcasting
  4757 | D:6      | Found a shattered altar of Ashenzari.
  4939 | D:6      | Found a basalt altar of Yredelemnul.
  5353 | D:6      | HP: 1/43 [killer bee (9)]
  5354 | D:6      | Succumbed to a killer bee's poison

Vault maps used:
D:1:      lemuel_arrival_broad_hall
D:2:      gammafunk_temple_overflow_claw, first_bread
D:3:      chequers_ecumenical_altar_simple_redux
D:4:      uniq_grinder
D:5:      uniq_pikel
D:6:      kennysheep_little_box, minmay_temple_entry_from_below_a,
          ashenzari_altar_1
D:7:      nicolae_overflow_crystal_walls

Skill      XL: |  1  2  3  4  5  6  7  8 |
---------------+-------------------------+-----
Fire Magic     | 4 5 6 7 |  7.3
Dodging        | 3 |  3.4
Conjurations   | 2 3 5 |  5.8
Spellcasting   | 4 5 6 7 8 |  8.4
Stealth        | 3 4 |  4.4
Fighting       | 1 |  1.1
Maces & Flails | |  0.2

Action                   |  1- 3 |  4- 6 |  7- 9 || total
-------------------------+-------+-------+-------++-------
Melee: Dagger            |     2 |     2 |       ||     4
       Whip              |       |       |     4 ||     4
 Cast: Flame Tongue      |    79 |   133 |    58 ||   270
       Conjure Flame     |       |     2 |     2 ||     4
       Throw Flame       |       |     5 |     6 ||    11
  Eat: Chunk             |       |     8 |     3 ||    11
       Fruit             |       |       |     2 ||     2
Armor: Robe              |     5 |     6 |     5 ||    16
Dodge: Dodged            |    35 |    25 |    20 ||    80

Table legend:
 A = Spawn XP
 B = Non-spawn XP
 C = Spawn XP percentage of total XP
 D = Spawn monster count
 E = Non-spawn monster count
 F = Spawn count percentage of total count
 G = Total turns spent on level
                    A         B        C        D         E        F      G
               +---------+---------+-------+---------+---------+-------+---------
         Total |       0 |    2225 |   0.0 |       0 |     137 |   0.0 |  5354
               +---------+---------+-------+---------+---------+-------+---------
           D:1 |       0 |      53 |   0.0 |       0 |      32 |   0.0 |   993
           D:2 |       0 |     107 |   0.0 |       0 |      34 |   0.0 |  1072
           D:3 |       0 |     149 |   0.0 |       0 |      29 |   0.0 |   973
           D:4 |       0 |     673 |   0.0 |       0 |      26 |   0.0 |   683
           D:5 |       0 |    1155 |   0.0 |       0 |      12 |   0.0 |   983
           D:6 |       0 |      85 |   0.0 |       0 |       3 |   0.0 |   553
           D:7 |       0 |       3 |   0.0 |       0 |       1 |   0.0 |    97
               +---------+---------+-------+---------+---------+-------+---------
